 Dungeon Crawl Stone Soup version 0.29.1-4-g47bece8355 (webtiles) character file.

Game seed: 13922235818536868199

3323 Raveline the Ruffian (level 9, 0/92 HPs)
             Began as a Troll Fighter on Dec 1, 2022.
             Was an Initiate of Wu Jian.
             Slain by a centaur warrior (12 damage)
             ... on level 8 of the Dungeon.
             The game lasted 00:24:39 (6319 turns).

Raveline the Ruffian (Troll Fighter)                Turns: 6319, Time: 00:24:40

Health: 0/92       AC:  4    Str: 26    XL:     9   Next: 71%
Magic:  8/8        EV:  9    Int:  8    God:    Wu Jian [......]
Gold:   298        SH:  9    Dex:  9    Spells: 8/8 levels left

rFire   . . .      SeeInvis +     - Unarmed
rCold   + . .      Faith    .   b - +0 kite shield
rNeg    . . .      Spirit   .   a - +0 robe
rPois   .          Reflect  .   (helmet restricted)
rElec   .          Harm     .   (no cloak)
rCorr   .          Rampage  .   (gloves unavailable)
Will    .....                   (boots unavailable)
Stlth   +.........              v - amulet of regeneration
HPRegen 1.85/turn               D - ring of see invisible
MPRegen 0.11/turn               E - ring of protection from cold

@: no status effects
A: large, unfitting armour, claws 3, regeneration 1, shaggy fur 1, tough skin 1
a: Renounce Religion


You were on level 8 of the Dungeon.
You worshipped Wu Jian.
Wu Jian was noncommittal.
You visited 2 branches of the dungeon, and saw 9 of its levels.
You also visited: Sewer.

You collected 298 gold pieces.

Inventory:

Missiles
 h - 5 boomerangs (quivered)
 w - 2 throwing nets
 O - 7 poisoned darts
Armour
 a - a +0 robe (worn)
 b - a +0 kite shield (worn)
Jewellery
 r - a ring of wizardry
 t - an amulet of faith
 v - an amulet of regeneration (around neck)
 z - an amulet of the acrobat
 D - a ring of see invisible (left claw)
 E - a ring of protection from cold (right claw)
 J - a ring of positive energy
Wands
 g - a wand of flame (16)
 H - a wand of iceblast (14)
 M - a wand of mindburst (16)
Scrolls
 d - a scroll of summoning
 f - a scroll of amnesia {unknown}
 i - 2 scrolls of blinking {unknown}
 j - 2 scrolls of enchant weapon
 q - 2 scrolls of poison {unknown}
 s - 3 scrolls of magic mapping
 u - 2 scrolls of silence
 y - a scroll of brand weapon {unknown}
 A - 2 scrolls of fog {unknown}
 B - a scroll of fear {unknown}
 F - a scroll of noise {unknown}
 G - a scroll of enchant armour {unknown}
 N - a scroll of vulnerability {unknown}
 P - a scroll of acquirement {unknown}
 Q - a scroll of teleportation {unknown}
Potions
 c - a potion of might
 e - a potion of cancellation {unknown}
 k - 4 potions of attraction
 l - 3 potions of mutation {unknown}
 m - 2 potions of flight {unknown}
 n - 3 potions of berserk rage
 o - 2 potions of curing {unknown}
 p - 3 potions of haste
 x - 3 potions of heal wounds
 C - a potion of degeneration {unknown}
 I - 2 potions of ambrosia {unknown}
 K - a potion of lignification {unknown}
 L - a potion of brilliance {unknown}


   Skills:
 + Level 6.9 Fighting
 - Level 1.1 Throwing
 + Level 3.8 Dodging
 + Level 7.4 Shields
 + Level 7.9 Unarmed Combat


You had 8 spell levels left.
You didn't know any spells.
Your spell library contained the following spells:

 Spells                   Type           Power      Damage    Failure   Level
 Magic Dart               Conj           0%         1d3       65%         1
 Sandblast                Erth           0%         2d4       65%         1
 Call Imp                 Summ           0%         N/A       80%         2
 Passwall                 Tmut/Erth      0%         N/A       80%         2
 Searing Ray              Conj           0%         2d4       80%         2
 Mephitic Cloud           Conj/Pois/Air  0%         N/A       95%         3
 Stone Arrow              Conj/Erth      0%         3d7       95%         3
 Fulminant Prism          Conj/Hex       0%         3d6       100%        4
 Leda's Liquefaction      Hex/Erth       0%         N/A       100%        4
 Lee's Rapid Deconstruct  Erth           0%         3d5*      100%        5
 Statue Form              Tmut/Erth      0%         N/A       100%        6


Dungeon Overview and Level Annotations

Branches:
Dungeon (8/15)             Temple (1/1) D:7           Sewer (visited)
   Lair: D:8-11

Altars:
Cheibriados
Dithmenos
Fedhas
Gozag
Hepliaklqana
Kikubaaqudgha
Makhleb
Nemelex Xobeh
Okawaru
Qazlal
Ru
Sif Muna
Uskayaw
Vehumet
Wu Jian
Zin

Shops:
D:4 ==   D:7 [


Innate Abilities, Weirdness & Mutations

You are too large for most types of armour.
You have claws for hands.
Your natural rate of healing is unusually fast.
You are covered in fur. (AC +1)
You have tough skin. (AC +1)


Message History

Your orc completely misses the centaur warrior.
Your orc misses the centaur warrior. You scratch the centaur warrior.
The centaur warrior is moderately wounded.
The centaur warrior hits you! The centaur warrior kicks you.
Your orc barely misses the centaur warrior.
Your orc hits the centaur warrior but does no damage.
You block the centaur warrior's attack. The centaur warrior kicks you.
You claw the centaur warrior!
The centaur warrior is heavily wounded.
The centaur warrior hits you!
* * * LOW HITPOINT WARNING * * *
The centaur warrior kicks you but does no damage.
Your orc barely misses the centaur warrior.
Your orc hits the centaur warrior with a +0 dagger.
You scratch the centaur warrior.
The centaur warrior is heavily wounded.
Your orc dissolves into shadows!
You block the centaur warrior's attack. The centaur warrior barely misses you.
Your orc closely misses the centaur warrior.
The centaur warrior closely misses you. The centaur warrior kicks you.
* * * LOW HITPOINT WARNING * * *
You scratch the centaur warrior.
The centaur warrior is severely wounded.
The centaur warrior completely misses you.
The centaur warrior closely misses you.
Your orc hits the centaur warrior with a +0 dagger.
You scratch the centaur warrior.
The centaur warrior is severely wounded.
The centaur warrior hits you.
* * * LOW HITPOINT WARNING * * *
The centaur warrior barely misses you.
Your orc hits the centaur warrior but does no damage.
The centaur warrior hits you!
* * * LOW HITPOINT WARNING * * *
The centaur warrior closely misses you.
You claw the centaur warrior!
The centaur warrior is almost dead.
The centaur warrior hits you!
You die...

## .##### ##c.?.# ##
########@o#
[#.##.##.##.##...#
...............#.......#
.#####..###########.####
##)###.....# #
#####.#.##.....#
#....<..[......#
#.###...##.....#
#.##..)..#.....#


You could see a centaur warrior (ally target) and a friendly orc (summoned).

Vanquished Creatures
  A centaur warrior (D:8)
  Joseph (D:8)
  An ice beast (D:6)
  2 black bears
  2 sky beasts
  3 ogres
  A centaur (D:6)
  A kobold brigand (D:7)
  Blork the orc (D:6)
  A necrophage (D:4)
  6 scorpions
  A vampire bat (D:3)
  3 orc priests
  A jelly (D:6)
  A gnoll bouda (D:7)
  2 hounds
  Terence (D:3)
  Natasha (twice) (D:3)
  6 iguanas
  2 orc wizards
  A hell rat (Sewer)
  Robin (D:2)
  10 gnolls
  12 adders
  2 river rats (Sewer)
  2 shadow imps
  A white imp (D:7)
  A dart slug (D:3)
  3 fire bats (D:3)
  9 orcs
  2 spectral bats (D:3)
  16 bats
  3 bat skeletons (D:3)
  A bat zombie (D:3)
  5 endoplasms
  8 giant cockroaches
  13 goblins
  8 hobgoblins
  3 jackals (D:1)
  14 kobolds
  8 quokkas
  8 ball pythons
  A bat simulacrum (D:3)
  4 frilled lizards
  9 rats
184 creatures vanquished.

Vanquished Creatures (collateral kills)
  A water moccasin (D:8)
1 creature vanquished.

Vanquished Creatures (others)
  8 plants (D:6)
8 creatures vanquished.

Grand Total: 193 creatures vanquished

Notes
Turn   | Place    | Note
-------+----------+-------------------------------------------
     0 | D:1      | Raveline the Troll Fighter began the quest for the Orb.
     0 | D:1      | Reached XP level 1. HP: 22/22 MP: 0/0
   184 | D:1      | Reached XP level 2. HP: 29/29 MP: 1/1
   841 | D:2      | Reached XP level 3. HP: 36/36 MP: 2/2
  1040 | D:2      | Noticed Robin
  1073 | D:2      | Killed Robin
  1074 | D:2      | Reached XP level 4. HP: 44/45 MP: 3/3
  1095 | D:2      | Noticed a black bear
  1279 | D:2      | Reached skill level 1 in Throwing
  1504 | D:3      | Reached XP level 5. HP: 53/53 MP: 4/4
  1783 | D:3      | Reached XP level 6. HP: 62/62 MP: 5/5
  1849 | D:3      | Noticed Natasha
  1856 | D:3      | Killed Natasha
  1996 | D:3      | Noticed Terence
  1999 | D:3      | Noticed Natasha
  2001 | D:3      | Killed Terence
  2010 | D:3      | Killed Natasha
  2521 | D:4      | Found Sygoleh's Jewellery Emporium.
  2544 | D:4      | Found a blossoming altar of Fedhas.
  2676 | D:4      | Reached XP level 7. HP: 68/70 MP: 6/6
  2728 | D:4      | Identified the +11 trident "Wuosag" {elec, +Blink rF+}
  2790 | D:4      | Found Avvumot's Jewellery Boutique.
  3176 | D:4      | Found a shimmering blue altar of Sif Muna.
  3308 | D:5      | Entered Level 5 of the Dungeon
  3328 | D:4      | Reached skill level 5 in Unarmed Combat
  3378 | D:5      | Reached skill level 5 in Shields
  3423 | D:5      | Reached skill level 5 in Fighting
  3528 | D:5      | Reached XP level 8. HP: 80/80 MP: 7/7
  3636 | D:5      | Found a glowing drain.
  3652 | Sewer    | Entered a sewer
  4433 | D:6      | Noticed Blork the orc
  4436 | D:6      | Killed Blork the orc
  4505 | D:6      | Noticed a boulder beetle
  4963 | D:6      | Found a hazy altar of Hepliaklqana.
  5007 | D:6      | Reached XP level 9. HP: 89/89 MP: 8/8
  5469 | D:7      | Found a staircase to the Ecumenical Temple.
  5478 | Temple   | Entered the Ecumenical Temple
  5517 | Temple   | Became a worshipper of the Wu Jian Council
  6067 | D:7      | Found Delokas's Armour Shop.
  6254 | D:8      | Noticed Joseph
  6260 | D:8      | Killed Joseph
  6293 | D:8      | Noticed a centaur warrior
  6295 | D:8      | Noticed a centaur warrior
  6299 | D:8      | Killed a centaur warrior
  6319 | D:8      | Slain by a centaur warrior

Illustrated notes

Levels and vault maps discovered:
D:1:      amcnicky_arrival_wind_blow, layout_basic
D:2:      layout_basic, minmay_vboxes, uniq_robin
D:3:      layout_loops_ring, goddamned_bats, uniq_natasha, uniq_terence
D:4:      minmay_door_path, layout_gridville, mainiacjoe_overflow_catwalk,
          mainiacjoe_overflow_alcove_2, serial_shops, shop, shop
D:5:      layout_loops_ring, gup_sewer_entry_pipe
D:6:      layout_loops_cross, nicolae_hepliaklqana_hazy_memory,
          minmay_microvault, uniq_blork_the_orc
D:7:      layout_loops_corners, minmay_temple_entry_grid, serial_shops,
          nicolae_square_shop, minmay_crystal_room, grunt_ogre_cave
D:8:      layout_loops_cross, minmay_manual_macuahuitl, uniq_joseph, uniq_pikel
Temple:   compressed_dpeg_circular_temple

Skill      XL: |  1  2  3  4  5  6  7  8  9 |
---------------+----------------------------+-----
Shields        | 3 4 5 6 7 |  7.4
Fighting       | 3 4 5 6 |  6.9
Unarmed Combat | 3 4 5 7 |  7.9
Throwing       | 1 |  1.1
Dodging        | 3 |  3.8

Action                   |  1- 3 |  4- 6 |  7- 9 || total
-------------------------+-------+-------+-------++-------
Melee: Unarmed           |    97 |   182 |   217 ||   496
Throw: Boomerang         |    18 |    21 |    74 ||   113
Invok: Lunge             |       |       |     2 ||     2
  Use: Scroll            |       |       |     7 ||     7
 Stab: Sleeping          |       |     1 |       ||     1
Armor: Robe              |    32 |   115 |    38 ||   185
Dodge: Dodged            |    35 |    89 |    62 ||   186
Block: Kite shield       |    27 |   105 |    63 ||   195
